 Dungeon Crawl Stone Soup version 0.32-a0-42-ga30500b4d3 (webtiles) character file.

Game seed: 16188257771391518949

80450 Ceno the Warrior (level 15, -4/170 HPs)
             Began as an Oni Warper on Feb 1, 2024.
             Was a Follower of Yredelemnul.
             Slain by an orc warlord
             ... wielding a +3 vampiric battleaxe
              (16 damage)
             ... on level 2 of the Orcish Mines.
             The game lasted 01:39:33 (28907 turns).

Ceno the Warrior (Oni Warper)                      Turns: 28907, Time: 01:39:37

Health: -4/170     AC: 10    Str: 24    XL:     15   Next: 67%
Magic:  12/36      EV: 11    Int: 15    God:    Yredelemnul [*.....]
Gold:   2926       SH:  0    Dex: 17    Spells: 24/30 levels left

rFire   . . .        q - +1 giant club
rCold   + . .        (shield currently unavailable)
rNeg    . . .        C - +0 swamp dragon scales
rPois   +            W - +0 hat of the Sixty-Six Lovers {rC+ Int-3 Dex+9}
rElec   .            X - scarf "Dioceal" {repulsion, Str+3}
rCorr   .            (gloves unavailable)
SInv    .            (boots unavailable)
Will    +....        (no amulet)
Stlth   +            l - +4 ring of slaying
HPRegen 0.48/turn    L - ring of magical power
MPRegen 0.25/turn

%: repel missiles
@: mighty
A: large, unfitting armour, horns 1, tough skin 1, double potion healing,
drunken brawling
a: Renounce Religion, Recall Undead Harvest


You were on level 2 of the Orcish Mines.
You worshipped Yredelemnul.
Yredelemnul was pleased with you.
You visited 4 branches of the dungeon, and saw 20 of its levels.
You also visited: Bailey and Ice Cave.

You collected 2926 gold pieces.

Inventory:

Hand Weapons
 o - the +7 whip "Avosoq" {vamp, Int+3}
   (You found it on level 2 of the Dungeon)

   Int+3:     It affects your intelligence (+3).
 q - a +1 giant club (weapon)
 Z - a +2 great mace of freezing
Missiles
 d - 13 darts of dispersal
 e - 199 stones
 f - 3 silver javelins
 k - 52 boomerangs (quivered)
 v - 6 throwing nets
 y - 12 large rocks
 z - 2 curare-tipped darts
 G - 56 poisoned darts
Armour
 C - +0 swamp dragon scales (worn)
 F - a +0 buckler of cold resistance
 W - the +0 hat of the Sixty-Six Lovers (worn) {rC+ Int-3 Dex+9}
   (You acquired it in a bailey)

   Int-3:     It affects your intelligence (-3).
   Dex+9:     It affects your dexterity (+9).
   rC+:       It protects you from cold.
 X - the scarf "Dioceal" (worn) {repulsion, Str+3}
   (You acquired it on level 10 of the Dungeon)

   Str+3:     It affects your strength (+3).
Jewellery
 l - a +4 ring of slaying (left hand)
 s - a ring of flight
 w - a +6 ring of intelligence
 x - a ring of protection from fire
 B - a ring of willpower
 L - a ring of magical power (right hand)
 M - a ring of resist corrosion
 O - a ring of wizardry
Wands
 t - a wand of mindburst (9)
 u - a wand of roots (17)
 D - a wand of charming (20)
 P - a wand of digging (6)
 Y - a wand of quicksilver (3)
Scrolls
 b - a scroll of fog
 c - 7 scrolls of blinking
 m - 5 scrolls of teleportation
 p - a scroll of immolation {unknown}
 r - 2 scrolls of poison {unknown}
 I - a scroll of enchant armour {unknown}
 N - 2 scrolls of fear
 Q - 2 scrolls of amnesia {unknown}
 R - a scroll of silence
 T - a scroll of enchant weapon
 V - a scroll of summoning {unknown}
Potions
 a - 8 potions of enlightenment
 g - a potion of brilliance {unknown}
 h - 4 potions of berserk rage
 i - 6 potions of attraction
 j - 4 potions of lignification
 n - 8 potions of curing
 A - a potion of invisibility {unknown}
 E - a potion of might
 J - 3 potions of ambrosia
 S - a potion of cancellation {unknown}
 U - 2 potions of resistance {unknown}
Miscellaneous
 K - a phial of floods


   Skills:
 + Level 16.2 Fighting
 + Level 14.9 Maces & Flails
 - Level 5.0 Throwing
 - Level 8.0 Armour
 + Level 4.8 Dodging
 + Level 8.4 Spellcasting
 - Level 8.0 Translocations
 - Level 15.0 Invocations


You had 24 spell levels left.
You knew the following spells:

 Your Spells              Type           Power      Damage    Failure   Level
a - Blink                 Tloc           60%        N/A       1%          2
b - Manifold Assault      Tloc           30%        N/A       6%          4

Your spell library contained the following spells:

 Spells                   Type           Power      Damage    Failure   Level
 Lesser Beckoning         Tloc           60%        N/A       1%          2
 Teleport Other           Tloc           30%        N/A       1%          3
 Momentum Strike          Conj/Tloc      36%        3d9       4%          2
 Volatile Blastmotes      Fire/Tloc      36%        2d13      10%         3
 Freeze                   Ice            24%        1d4       17%         1
 Necrotise                Necr           24%        1d5       17%         1
 Call Imp                 Summ           12%        N/A       26%         2
 Cigotuvi's Dreadful Rot  Necr/Alch/Air  12%        N/A       26%         2
 Static Discharge         Conj/Air       12%        3-4/arc   26%         2
 Sublimation of Blood     Necr           6%         N/A       26%         2
 Dimensional Bullseye     Hex/Tloc       9%         N/A       32%         4
 Vhi's Electric Charge    Tloc/Air       36%        N/A       32%         4
 Call Canine Familiar     Summ           6%         N/A       45%         3
 Dazzling Flash           Conj/Hex       12%        N/A       45%         3
 Frozen Ramparts          Ice            12%        1d2       45%         3
 Hailstorm                Conj/Ice       6%         3d5       45%         3
 Sigil of Binding         Hex            6%         N/A       45%         3
 Vampiric Draining        Necr           6%         2d6       45%         3
 Airstrike                Air            3%         2d(1-17)  86%         4
 Ignite Poison            Fire/Alch      6%         N/A       86%         4
 Martyr's Knell           Necr/Summ      6%         N/A       86%         4
 Summon Lightning Spire   Summ/Air       6%         N/A       86%         4
 Curse of Agony           Necr           6%         N/A       99%         5
 Freezing Cloud           Conj/Ice/Air   3%         6-21      99%         5
 Starburst                Conj/Fire      3%         6d3       100%        6
 Summon Hydra             Summ           3%         N/A       100%        7
 Maxwell's Capacitive Co  Air            3%         ∞         100%        8


Dungeon Overview and Level Annotations

Branches:
Dungeon (12/15)            Temple (1/1) D:4            Lair (5/5) D:9
  Swamp (0/4) Lair:3       Spider (0/4) Lair:2        Slime (0/5) Lair:5
    Orc (2/2) D:12            Elf (0/3) Orc:2        Bailey (visited)
  IceCv (visited)

Altars:
Ashenzari
Cheibriados
Dithmenos
Elyvilon
Fedhas
Gozag
Hepliaklqana
Kikubaaqudgha
Makhleb
Nemelex Xobeh
Okawaru
Qazlal
Ru
Sif Muna
Trog
Uskayaw
Vehumet
Wu Jian
Xom
Yredelemnul
Zin
Jiyva

Shops:
Orc:1 *

Annotations:
D:3 exclusion: 4 doors, Sigmund
Lair:2 exclusion: oklob plant


Innate Abilities, Weirdness & Mutations

You are too large for most types of armour.
You have a pair of small horns on your head.
You have tough skin. (AC +1)
You gain doubled healing and magic from potions.
Whenever you drink a healing potion, you attack all around you.


Message History

Your orc sorcerer zombie hits the orc warrior but does no damage.
The orc warrior hits your orc sorcerer zombie with a +0 long sword!!
The orc warlord hits you with a +3 vampiric battleaxe!
You are too injured to fight recklessly!
You thump the orc warlord!
The orc warlord is moderately wounded.
Your orc sorcerer zombie barely misses the orc warrior.
The ogre hits your orc sorcerer zombie with a +0 giant spiked club!!!
The orc warlord hits you with a +3 vampiric battleaxe!!
* * * LOW HITPOINT WARNING * * *
You barely miss the orc warrior.
The orc warrior is lightly wounded.
You pound the orc warrior like an anvil!!!
You kill the orc warrior!
The dead are walking!
The orc hits your orc warrior zombie with a +0 dagger.
The orc warlord hits you but does no damage.
The orc warlord hits your orc warrior zombie with a +3 vampiric battleaxe!
Your orc sorcerer zombie barely misses the ogre.
You sock the orc warlord!
The orc warlord is heavily wounded.
The orc warlord hits you with a +3 vampiric battleaxe!
* * * LOW HITPOINT WARNING * * *
The orc warlord hits your orc warrior zombie with a +3 vampiric battleaxe!
Your orc sorcerer zombie hits the ogre.
You bludgeon the orc warlord!!
The orc warlord is severely wounded.
The orc warlord hits you with a +3 vampiric battleaxe!
* * * LOW HITPOINT WARNING * * *
The orc warlord completely misses your orc warrior zombie.
Your orc warrior zombie hits the orc warlord but does no damage.
Your orc sorcerer zombie hits the ogre but does no damage.
You bludgeon the orc warlord!! You headbutt the orc warlord.
The orc warlord is almost dead.
The orc no longer looks unusually strong.
The orc hits you with a +0 dagger.
* * * LOW HITPOINT WARNING * * *
The orc warlord hits you with a +3 vampiric battleaxe!
You die...
Your body rises from the dead as a mindless zombie.

##.≈.##.........##
##≈≈≈# ...#.....#
#≈≈≈≈≈#....#....##
##≈≈≈##^.........#
###≈## .........##
##### #..........#
.#####...........#
...#.............#
................@#
..............Zoo#
.........>...).O.#
..............Z.##
...........).....
..........)).....
.........)).....
....<......)#...
............


You could see an orc warlord (ally target), an ogre (ally target), an orc, a
friendly orc warrior zombie and a friendly orc sorcerer zombie.

Vanquished Creatures
  An orc warlord (Orc:2)
  Harold (D:10)
  9 death yaks
  A boulder beetle (Lair:5)
  2 skysharks
  A skeletal warrior (D:9)
  Pikel (D:5)
  An orc knight (Bailey)
  2 wolf spiders
  2 orc sorcerers
  2 ugly things (D:11)
  A manticore (D:10)
  3 centaur zombies (D:12)
  Maurice (D:10)
  A kobold blastminer (Orc:1)
  16 elephants
  An ice statue (IceCv)
  3 black mambas
  A slime creature (Lair:5)
  A gargoyle (D:12)
  A guardian serpent (Lair:5)
  14 cane toads
  Maggie (D:6)
  4 rime drakes
  An unseen horror (D:12)
  4 freezing wraiths (IceCv)
  9 komodo dragons
  An anaconda simulacrum (IceCv)
  10 ice devils (IceCv)
  3 polar bears
  4 trolls
  18 blink frogs
  6 dream sheep (Lair:3)
  3 vampires
  9 wyverns
  A dire elephant simulacrum (IceCv)
  39 yaks
  4 shadows (D:12)
  4 basilisks
  Eustachio (D:4)
  4 vampire mosquitoes (D:10)
  5 wraiths (D:12)
  4 redbacks
  5 death yak simulacra (IceCv)
  A warg (Orc:2)
  An acid dragon (D:12)
  2 harpy simulacra (IceCv)
  12 water moccasins
  3 hydra simulacra (IceCv)
  Pargi (D:4)
  22 orc warriors
  A sky beast (D:6)
  4 black bears
  7 ogres
  11 wolves
  3 centaurs
  3 lemures (D:5)
  Blork the orc (D:4)
  8 kobold brigands
  8 bullfrogs
  A scorpion (D:5)
  A two-headed ogre simulacrum (IceCv)
  8 gnoll sergeants
  2 cane toad simulacra (IceCv)
  4 wights
  2 elephant simulacra (IceCv)
  11 killer bees
  3 howler monkeys (D:8)
  3 bombardier beetles
  4 hounds
  11 orc priests
  A gnoll bouda (D:4)
  A jelly (Lair:5)
  3 iguanas
  A sleepcap (D:8)
  10 orc wizards
  2 polar bear simulacra (IceCv)
  A spriggan simulacrum (IceCv)
  A troll simulacrum (IceCv)
  7 wolf simulacra (IceCv)
  7 adders
  24 gnolls
  A naga simulacrum (IceCv)
  A shadow imp (D:6)
  A white imp (IceCv)
  5 ufetubi
  5 dart slugs
  2 ribbon worms
  79 orcs
  5 ball pythons
  6 endoplasms
  3 giant cockroaches
  11 goblins
  6 hobgoblins
  6 jackals
  4 quokkas
  4 bats
  5 frilled lizards
  42 kobolds
  5 rats
593 creatures vanquished.

Vanquished Creatures (collateral kills)
  A hydra (Lair:2)
  3 death yaks
  2 skeletal warriors (D:9)
  2 skysharks
  A necromancer (IceCv)
  7 elephants
  A torpor snail (Lair:5)
  4 black mambas
  5 cane toads
  An unseen horror (D:10)
  3 komodo dragons
  3 rime drakes
  An ice devil (IceCv)
  A polar bear (Lair:5)
  2 hornets (Lair:5)
  4 blink frogs
  4 dream sheep (Lair:3)
  A jumping spider (Lair:2)
  A slime creature (Lair:5)
  6 wyverns (Lair:5)
  14 yaks
  A vampire (D:12)
  A basilisk (Lair:1)
  A redback (Lair:5)
  A death yak simulacrum (IceCv)
  A hydra simulacrum (IceCv)
  6 water moccasins (Lair:5)
  2 wolves (Lair:5)
  A phantom (D:7)
  3 bullfrogs
  A scorpion (Lair:1)
  An elephant simulacrum (IceCv)
  A killer bee (D:10)
  A howler monkey (D:8)
  3 gnolls
  4 adders (Lair:1)
  A white imp (D:7)
  5 orcs
  3 jackals (D:5)
  2 butterflies (D:7)
106 creatures vanquished.

Vanquished Creatures (others)
  A black mamba (Lair:5)
  An unseen horror zombie (D:12)
  A death yak zombie (Lair:5)
  A redback zombie (Lair:5)
  2 black mamba zombies
  3 spectral ice devils (IceCv)
  3 cane toad zombies
  A hornet zombie (Lair:5)
  An elephant zombie (Lair:3)
  4 blink frog zombies
  A rime drake zombie (Lair:5)
  2 komodo dragon zombies (Lair:1)
  3 wyvern zombies
  5 water moccasin zombies
  6 yak zombies
  3 wolf zombies
  2 bullfrog zombies
  A centaur zombie (D:6)
  A basilisk zombie (Lair:3)
  A black bear zombie (D:6)
  A killer bee zombie (D:10)
  2 ogre zombies (Orc:2)
  A howler monkey zombie (D:8)
  An adder zombie (Lair:1)
  9 gnoll zombies
  3 kobold zombies
  18 orc zombies
  3 spectral ufetubi
81 creatures vanquished.

Grand Total: 780 creatures vanquished

Notes
Turn   | Place    | Note
-------+----------+-------------------------------------------
     0 | D:1      | Ceno the Oni Warper began the quest for the Orb.
     0 | D:1      | Reached XP level 1. HP: 22/22 MP: 3/3
   145 | D:1      | Reached XP level 2. HP: 29/29 MP: 5/5
   163 | D:1      | Reached skill level 3 in Fighting
   202 | D:1      | Learned a level 2 spell: Blink
   864 | D:1      | Reached XP level 3. HP: 37/37 MP: 6/6
  1477 | D:2      | Reached XP level 4. HP: 48/48 MP: 7/7
  1492 | D:2      | Identified the +7 whip "Avosoq" {vamp, Int+3}
  2517 | D:3      | Noticed a sky beast
  2716 | D:3      | Found a sacrificial altar of Ru.
  2727 | D:3      | Reached skill level 4 in Fighting
  2727 | D:3      | Reached XP level 5. HP: 54/54 MP: 8/8
  2873 | D:3      | Became a worshipper of Ru the Awakened
  2889 | D:3      | Noticed Sigmund
  3337 | D:4      | Noticed Pargi
  3347 | D:4      | Killed Pargi
  3348 | D:4      | Reached XP level 6. HP: 49/63 MP: 9/9
  3743 | D:4      | Noticed Eustachio
  3768 | D:4      | Killed Eustachio
  3769 | D:4      | Reached skill level 5 in Fighting
  3769 | D:4      | Reached XP level 7. HP: 72/72 MP: 10/10
  4050 | D:4      | Noticed Blork the orc
  4064 | D:4      | Killed Blork the orc
  4122 | D:4      | Found a snail-covered altar of Cheibriados.
  4135 | D:4      | Found a hide-covered altar of Uskayaw.
  4352 | D:4      | Found a staircase to the Ecumenical Temple.
  4358 | Temple   | Entered the Ecumenical Temple
  4457 | Temple   | Fell from the grace of Ru
  4457 | Temple   | Became a worshipper of Yredelemnul the Dark
  4726 | D:5      | Entered Level 5 of the Dungeon
  4824 | D:5      | Reached * piety under Yredelemnul
  4825 | D:5      | Reached skill level 6 in Fighting
  4857 | D:5      | Reached XP level 8. HP: 83/83 MP: 11/11
  4890 | D:5      | Reached ** piety under Yredelemnul
  4943 | D:5      | Reached skill level 5 in Maces & Flails
  4943 | D:5      | Reached skill level 5 in Translocations
  5059 | D:5      | Reached *** piety under Yredelemnul
  5093 | D:5      | Found the +6 shillelagh "Devastator" {shatter}
  5125 | D:5      | Found a stormy altar of Qazlal.
  5126 | D:5      | Noticed an air elemental
  5126 | D:5      | Noticed a water elemental
  5248 | D:5      | Found an ornate altar of the Wu Jian Council.
  5491 | D:6      | Noticed Maggie
  5570 | D:6      | Noticed Pikel
  5743 | D:5      | Killed Pikel
  5744 | D:5      | Reached skill level 7 in Fighting
  5744 | D:5      | Reached skill level 5 in Throwing
  5949 | D:6      | Reached XP level 9. HP: 94/96 MP: 12/12
  5954 | D:6      | Learned a level 4 spell: Manifold Assault
  5997 | D:6      | Reached skill level 8 in Fighting
  6201 | D:6      | Found a broken altar of Ashenzari.
  6678 | D:6      | Killed Maggie
  6679 | D:6      | Reached skill level 9 in Fighting
  7239 | D:7      | Found a shimmering altar of Xom.
  7370 | D:7      | Reached skill level 1 in Invocations
  7451 | D:7      | Found a blossoming altar of Fedhas.
  7865 | D:8      | Reached XP level 10. HP: 89/109 MP: 13/13
  8083 | D:8      | Found a burning altar of Makhleb.
  8172 | D:8      | Reached skill level 10 in Fighting
  8965 | D:8      | Found a bloodstained altar of Trog.
  8969 | D:8      | Found a shimmering blue altar of Sif Muna.
  9638 | D:9      | Noticed a skeletal warrior
  9638 | D:9      | Noticed a skeletal warrior
  9638 | D:9      | Noticed a skeletal warrior
  9758 | D:9      | Found a shadowy altar of Dithmenos.
  9767 | D:9      | Found a sparkling altar of Nemelex Xobeh.
  9971 | D:9      | Reached skill level 5 in Invocations
 10112 | D:9      | Reached skill level 11 in Fighting
 10221 | D:9      | Found a staircase to the Lair.
 10390 | D:9      | Reached **** piety under Yredelemnul
 10495 | D:9      | Killed a skeletal warrior
 10496 | D:9      | Reached XP level 11. HP: 123/123 MP: 3/16
 10507 | D:9      | Killed a skeletal warrior
 10568 | D:9      | Killed a skeletal warrior
 10569 | D:9      | Reached skill level 12 in Fighting
 10853 | Lair:1   | Entered Level 1 of the Lair of Beasts
 11675 | Lair:1   | Reached skill level 10 in Maces & Flails
 11855 | Lair:1   | Reached skill level 13 in Fighting
 12076 | Lair:1   | Noticed a wolf spider
 12103 | Lair:1   | Killed a wolf spider
 12114 | Lair:1   | Reached XP level 12. HP: 14/136 MP: 17/19
 12590 | Lair:1   | Reached ***** piety under Yredelemnul
 12910 | Lair:2   | Noticed an eight-headed hydra
 13301 | Lair:2   | Killed an eight-headed hydra
 13302 | Lair:2   | Reached skill level 14 in Fighting
 13331 | Lair:2   | Reached skill level 10 in Invocations
 13538 | Lair:2   | Found a hole to the Spider Nest.
 14057 | Lair:2   | Reached ****** piety under Yredelemnul
 14201 | Lair:2   | Noticed a skyshark
 14209 | Lair:2   | Killed a skyshark
 14834 | Lair:3   | Reached skill level 15 in Fighting
 15057 | Lair:3   | Reached XP level 13. HP: 150/150 MP: 0/21
 15373 | Lair:3   | Found a staircase to the Swamp.
 15590 | Lair:3   | Reached skill level 1 in Armour
 17002 | Lair:4   | Reached skill level 5 in Spellcasting
 17821 | Lair:4   | Reached XP level 14. HP: 159/159 MP: 9/23
 18531 | Lair:5   | Entered Level 5 of the Lair of Beasts
 18631 | Lair:5   | Reached skill level 5 in Armour
 19597 | Lair:5   | Found a staircase to the Slime Pits.
 19597 | Lair:5   | Found a viscous altar of Jiyva.
 20042 | Lair:5   | Identified the +4 rapier of the Pillar {spect, Fly Str-4
                  | Stlth+}
 21577 | D:10     | Entered Level 10 of the Dungeon
 21598 | D:10     | Identified 3 scrolls of acquirement
 21598 | D:10     | Acquired the scarf "Dioceal" {repulsion, Str+3}
 21667 | D:10     | Noticed Harold
 21798 | D:10     | Reached XP level 15. HP: 154/167 MP: 12/27
 21922 | D:10     | Found a flagged portal.
 21923 | D:10     | Noticed Maurice
 21955 | D:10     | Something stole a ring of wizardry
 21956 | D:10     | Something stole the +7 whip "Avosoq" {vamp, Int+3}
 21958 | D:10     | Killed Maurice
 22037 | Bailey   | Entered a bailey
 22049 | Bailey   | Acquired the +0 hat of the Sixty-Six Lovers {rC+ Int-3
                  | Dex+9}
 22050 | Bailey   | Acquired 952 gold pieces
 23249 | D:10     | Killed Harold
 24563 | D:12     | Reached skill level 15 in Invocations
 24810 | D:12     | Found a frozen archway.
 24820 | IceCv    | Entered an ice cave
 25328 | IceCv    | Found an ancient bone altar of Kikubaaqudgha.
 26768 | IceCv    | Identified the ring "Esiamiq" {Fly rN+ rCorr Str-5 Int+4}
 26938 | D:12     | Reached skill level 16 in Fighting
 27244 | D:12     | Found a staircase to the Orcish Mines.
 27672 | Orc:1    | Entered Level 1 of the Orcish Mines
 28214 | Orc:1    | Found Jyismitu's Overcharged Wands.
 28604 | Orc:2    | Entered Level 2 of the Orcish Mines
 28610 | Orc:2    | Noticed an orc warlord
 28632 | Orc:2    | Found a staircase to the Elven Halls.
 28697 | Orc:2    | Noticed an orc warlord
 28712 | Orc:2    | Killed an orc warlord
 28907 | Orc:2    | Slain by an orc warlord

Illustrated notes

Levels and vault maps discovered:
D:1:      minmay_arrival_solitary_statue, layout_rooms
D:2:      layout_basic, st_stairs_13, minmay_misc_feat_room, minmay_tetromino_i4
D:3:      layout_loops_ring, nicolae_ru_great_annihilating_truth,
          minmay_box_of_dots, uniq_sigmund
D:4:      layout_loops_cross, cheibriados_altar_1, kennysheep_mini,
          minmay_temple_entry_ruins, uniq_pargi, uniq_blork_the_orc,
          uniq_eustachio
D:5:      layout_cave_pools, nicolae_qazlal_style_of_elements,
          old_standard_altar, dilly_guarded_unrand_devastator
D:6:      layout_basic, ashenzari_altar_1, uniq_maggie, uniq_pikel
D:7:      layout_cave_pools, xom_butterflies, fedhas_altar_3,
          nicolae_tso_swordbearing_angel, minmay_strange_pillars,
          nicolae_eternal_life, hellmonk_guarded_unrand_lears
D:8:      layout_loops_corners, hellmonk_overflow_destroyed_library,
          bloody_makhleb, special_room [special_room_orc], skrybe_limestone_x,
          ebering_dispersal_statue_hall, hex_large
D:9:      layout_small_grid, minitemple, lair_entry_dummy
D:10:     layout_loops_corners, enter_bailey_5, minmay_parallelograms,
          uniq_harold, uniq_maurice
D:11:     layout_roguey
D:12:     layout_roguey, kennysheep_orc_monster_closet_entryway, serial_undead,
          serial_undead_a, serial_undead_a, serial_undead_b, serial_undead_f,
          serial_undead_f, portal_ice_cave_entry_pillars_2
Temple:   hellmonk_temple_beads
Lair:1:   minmay_lair_venomous_thicket, layout_misc_corridors
Lair:2:   layout_hall_layers, spider_nest_entry_a, st_stairs_13,
          chequers_serial_rivers_micro_d
Lair:3:   layout_small_grid, swamp_mist, nicolae_quartered_pool_impasse
Lair:4:   layout_cave_pods
Lair:5:   hangedman_lair_tendril_chambers, layout_cave_pods,
          minmay_slime_entry_pillars, pond
Orc:1:    layout_caves, nicolae_shop_overcharged_wands
Orc:2:    pf_orc_diabolical, layout_caves, nicolae_orc_found_a_spring,
          minmay_orc_temple_b, uniq_erolcha

Skill      XL: |  1  2  3  4  5  6  7  8  9 10 11 12 13 14 15 |
---------------+----------------------------------------------+-----
Fighting       | 3 4 5 6 7 9 11 13 15 16 | 16.2
Translocations | 3 4 6 7 8 |  8.0
Throwing       | 2 3 4 5 |  5.0
Maces & Flails | 3 4 5 7 9 10 12 13 14 | 14.9
Invocations    | 2 6 9 11 13 14 15 | 15.0
Armour         | 4 7 8 |  8.0
Spellcasting   | 6 8 |  8.4
Dodging        | 4 |  4.8

Action                     |  1- 3 |  4- 6 |  7- 9 | 10-12 | 13-15 || total
---------------------------+-------+-------+-------+-------+-------++-------
  Melee: Mace              |    77 |       |       |       |       ||    77
         Headbutt          |     5 |     9 |    33 |   122 |    78 ||   247
         Punch             |     1 |       |     2 |     5 |       ||     8
         Whip              |       |    72 |   204 |   509 |       ||   785
         Giant club        |       |       |       |    11 |   938 ||   949
  Throw: Boomerang         |     3 |     9 |     3 |     4 |    11 ||    30
         Stone             |       |     2 |     2 |       |       ||     4
         Dart              |       |    15 |    39 |    15 |    13 ||    82
         Javelin           |       |       |     2 |     5 |       ||     7
         Large rock        |       |       |       |     4 |       ||     4
   Cast: Blink             |     1 |       |       |       |       ||     1
         Manifold Assault  |       |       |       |    23 |   335 ||   358
 Invoke: Dark Bargain      |       |       |     2 |     8 |     2 ||    12
         Recall Undead Har |       |       |     1 |       |       ||     1
    Use: Scroll            |     2 |     3 |     2 |     2 |    10 ||    19
         Potion            |       |       |       |     3 |     2 ||     5
   Stab: Paralysed         |       |     1 |       |       |       ||     1
         Distracted        |       |       |     1 |     4 |     9 ||    14
 Armour: Robe              |    38 |    59 |    95 |       |       ||   192
         Swamp dragon scal |       |       |    60 |   409 |   328 ||   797
  Dodge: Dodged            |    25 |    23 |    77 |   128 |   163 ||   416
         Repelled          |       |       |       |       |     3 ||     3

Table legend: (Time is in decaauts)
 A = Elapsed time spent in this place.
 B = Non-inter-level travel time spent in this place.
 C = Inter-level travel time spent in this place.
 D = Time resting spent in this place.
 E = Time spent auto-exploring this place.
 F = Levels seen in this place.
 G = Mean time per level.
                   A        B        C        D        E       F      G
               +--------+--------+--------+--------+--------+-----+--------+
         Total |  28672 |  27718 |    954 |   9607 |  11146 |  22 | 1303.3 |
       Dungeon |  14702 |  13984 |    718 |   3551 |   6079 |  12 | 1225.2 |
        Temple |    112 |    100 |     12 |      0 |      0 |   1 |  112.0 |
          Lair |  10001 |   9815 |    186 |   4034 |   4205 |   5 | 2000.2 |
  Orcish Mines |   1222 |   1184 |     38 |    494 |    483 |   2 |  611.0 |
        Bailey |    596 |    596 |      0 |     63 |    252 |   1 |  596.0 |
      Ice Cave |   2035 |   2035 |      0 |   1464 |    127 |   1 | 2035.0 |
               +--------+--------+--------+--------+--------+-----+--------+

Top non-repeatable levels by time:
  Lair:5: 2962 daAuts
  Lair:4: 2209 daAuts
   IceCv: 2035 daAuts
  Lair:2: 1851 daAuts
     D:6: 1828 daAuts
     D:9: 1791 daAuts
  Lair:3: 1524 daAuts
     D:8: 1498 daAuts
  Lair:1: 1455 daAuts
    D:10: 1443 daAuts
     D:4: 1386 daAuts
     D:2: 1254 daAuts
    D:12: 1159 daAuts
     D:1: 1116 daAuts
     D:5: 1001 daAuts
